 Dungeon Crawl Stone Soup version 0.31.0-32-g396128a36d (webtiles) character file.

Game seed: 4342741961144750387

51 ChrisAssaf the Twirler (level 3, -1/2 HPs)
             Began as a Human Gladiator on Mar 10, 2024.
             Slain by a kobold
             ... wielding a +0 short sword
              (3 damage)
             ... on level 3 of the Dungeon.
             The game lasted 00:04:01 (484 turns).

ChrisAssaf the Twirler (Human Gladiator)             Turns: 484, Time: 00:04:01

Health: -1/2       AC:  0    Str: 14    XL:     3   Next: 83%
Magic:  3/3        EV: 13    Int: 10    God:
Gold:   21         SH:  0    Dex: 14    Spells: 2/2 levels left

rFire   . . .        a - melded +0 quarterstaff
rCold   . . .        (shield currently unavailable)
rNeg    . . .        b - melded +0 leather armour
rPois   ∞            c - melded +0 helmet
rElec   +            (cloak currently unavailable)
rCorr   .            (gloves currently unavailable)
SInv    .            (boots currently unavailable)
Will    .....        (no amulet)
Stlth   ++           (no ring)
HPRegen 0.20/turn    (no ring)
MPRegen 0.08/turn

%: no passive effects
@: storm-form, flying
A: cleaving, insubstantial, flying, reduced hp, explore regen
a: Blinkbolt, Begin Untransformation


You were on level 3 of the Dungeon.
You were a lightning-filled tempest!
You visited 1 branch of the dungeon, and saw 3 of its levels.

You collected 21 gold pieces.

Inventory:

Hand Weapons
 a - a +0 quarterstaff (melded)
Missiles
 d - 2 throwing nets (quivered)
Armour
 b - a +0 leather armour (melded)
 c - a +0 helmet (melded)
Talismans
 e - a storm talisman (active)


   Skills:
 * Level 2.2 Fighting
 * Level 3.6 Staves
 * Level 2.2 Throwing
 * Level 1.0 Armour
 * Level 3.4 Dodging
 * Level 0.8 Stealth
 * Level 0.1 Spellcasting


You had 2 spell levels left.
You didn't know any spells.
Your spell library contained the following spells:

 Spells                   Type           Power      Damage    Failure   Level
 Fulminant Prism          Conj/Alch      0%         3d5       98%         4
 Vhi's Electric Charge    Tloc/Air       0%         N/A       98%         4
 Bombard                  Conj/Erth      0%         9d1       100%        6
 Haunt                    Necr/Summ      0%         N/A       100%        7
 Borgnjor's Revivificati  Necr           0%         N/A       100%        8
 Death's Door             Necr           0%         N/A       100%        9


Dungeon Overview and Level Annotations

Branches:
Dungeon (3/15)

Altars:


Innate Abilities, Weirdness & Mutations

You are a lightning-filled tempest!
Your electrical attacks strike out in all directions at once.
You are incredibly evasive.
Your insubstantial body is immune to petrification, constriction, and being set on fire You are flying.
Your maximum health is decreased, since you lack skill for your form.
Your armour is entirely melded.
You are incapable of wielding weapons or throwing items.
You are immune to poison.
You regain HP and MP as you explore.


Message History

You sock the kobold!
You kill the kobold!
You hit the kobold.
You kill the kobold!
The kobold throws a stone.
The stone barely misses you. The kobold misses you.
Items here: ( )))) †††.
You hit the kobold but do no damage. The kobold completely misses you.
You sock the kobold!
You kill the kobold!
The kobold misses you.
Your Armour skill increases to level 1!
You hit the kobold.
The kobold is severely wounded.
The kobold hits you with a +0 whip.
You hit the kobold.
You kill the kobold!
You sock the kobold!
You kill the kobold!
Items here: (( ))) ††.
Items here: (( ))) ††.
Okay, then.
There is an open gate here.
You see here a storm talisman.
There are no items here.
You see here a storm talisman.
e - a storm talisman You begin transforming.
You continue transforming. x3
You turn into a lightning-filled tempest!
Your +0 quarterstaff melds into your body.
Your +0 helmet melds into your body.
Your +0 leather armour melds into your body.
HP restored.
There is an open door here.
A kobold comes into view.
It is wielding a +0 short sword and quivering poisoned darts.
The kobold throws a poisoned dart.
The poisoned dart hits you!
The kobold throws a poisoned dart.
The poisoned dart hits you!
The kobold hits you with a +0 short sword.
Ouch! That really hurt!
You die...

##.....##
#..#
#.......#
..>#
#.......#
#...
#.......#
##..#
#.......#
..#
####....#
.##
##..'....#
#.########
##..vK..#
#######+


You could see a kobold.

Vanquished Creatures
  2 adders
  A gnoll (D:1)
  A ball python (D:2)
  A bat (D:1)
  3 endoplasms
  A giant cockroach (D:1)
  3 jackals (D:1)
  A frilled lizard (D:3)
  8 kobolds
  2 rats
23 creatures vanquished.

Notes
Turn   | Place    | Note
-------+----------+-------------------------------------------
     0 | D:1      | ChrisAssaf the Human Gladiator began the quest for the Orb.
     0 | D:1      | Reached XP level 1. HP: 16/16 MP: 1/1
   139 | D:1      | Reached XP level 2. HP: 22/22 MP: 2/2
   241 | D:2      | Reached XP level 3. HP: 27/27 MP: 3/3
   362 | D:3      | Got the Guide on Bright Fumes
   434 | D:3      | Reached skill level 1 in Armour
   484 | D:3      | Slain by a kobold

Illustrated notes

Levels and vault maps discovered:
D:1:      minmay_arrival_plants_in_alcoves, layout_loops_ring,
          basic_ecumenical_altar
D:2:      layout_basic, serial_park_tiny_2
D:3:      cheibrodos_fertilizer, layout_basic, kennysheep_generic_room_2

Skill      XL: |  1  2  3 |
---------------+----------+-----
Armour         | 1 |  1.0
Fighting       | |  2.2
Staves         | |  3.6
Throwing       | |  2.2
Dodging        | |  3.4
Stealth        | |  0.8
Spellcasting   | |  0.1

Action                     || total
---------------------------++-------
  Melee: Quarterstaff      ||    66
  Throw: Javelin           ||     3
         Dart              ||     2
         Throwing net      ||     1
    Use: Scroll            ||     1
         Potion            ||     1
   Stab: Held in net/web   ||     1
         Sleeping          ||     1
 Armour: Leather armour    ||    31
         Skin              ||     1
  Dodge: Dodged            ||    38
   Form: Storm             ||     1
